 Dungeon Crawl Stone Soup version 0.13.0-9-gbc74161 (webtiles) character file.

14996 4tharraofdagon the Frost Mage (level 11, 0/60 HPs)
             Began as a Deep Elf Ice Elementalist on Oct 17, 2013.
             Was a High Priest of Vehumet.
             Shot with a bolt of flame by a yaktaur (29 damage)
             ... in a volcano.
             The game lasted 01:15:16 (5904 turns).

4tharraofdagon the Frost Mage (DEIE)                Turns: 5904, Time: 01:15:16

HP   0/60        AC  8     Str  5      XL: 11   Next: 90%
MP  15/31        EV 18     Int 24      God: Vehumet [*****.]
Gold 422         SH 11     Dex 20      Spells:  9 memorised,  4 levels left

Res.Fire  : . . .   See Invis. : +   k - staff of energy
Res.Cold  : + . .   Warding    : .   D - +2 robe {MR+}
Life Prot.: . . .   Conserve   : .   G - +1 buckler of Lies {Acc+4 SInv}
Res.Poison: .       Res.Corr.  : .   C - +1 helmet
Res.Elec. : .       Clarity    : .   (no cloak)
Sust.Abil.: . .     Spirit.Shd : .   (no gloves)
Res.Mut.  : .       Stasis     : .   s - +1 pair of boots
Res.Rott. : .       Flight     : .   (no amulet)
Saprovore : . . .                    w - ring of invisibility
                                     e - ring of protection from cold

@: repel missiles, agile, very slightly contaminated, quite resistant to hostile
enchantments, quite stealthy
A: no striking features
a: Renounce Religion, Evoke Invisibility


You were in a volcano.
You worshipped Vehumet.
Vehumet was extremely pleased with you.
You were not hungry.

You visited 2 branches of the dungeon, and saw 19 of its levels.
You also visited: Sewer and Volcano.

You collected 402 gold pieces.

Inventory:

Hand weapons
 g - a +0,+1 dwarven dagger (quivered)
Armour
 s - a +1 pair of boots (worn)
 C - a +1 helmet (worn)
 D - a +2 robe of magic resistance (worn)
 G - the +1 buckler of Lies (worn) {Acc+4 SInv}
   (You found it on level 5 of the Lair of Beasts)

   It affects your accuracy (+4).
   It enhances your eyesight.
Magical devices
 l - a wand of fire (1)
 p - a wand of draining (2)
Comestibles
 c - 5 bread rations
 f - 4 meat rations
Jewellery
 e - a ring of protection from cold (left hand)
 w - a ring of invisibility (right hand)
Potions
 a - 6 potions of curing
 m - a potion of poison {unknown}
 n - 2 potions of restore abilities
 u - 2 potions of berserk rage {unknown}
 x - a potion of slowing {unknown}
Books
 b - a book of Frost

   Spells                             Type                      Level
   *Freeze                            Ice                          1
   *Throw Frost                       Conjuration/Ice              2
   Ozocubu's Armour                   Charms/Ice                   3
   *Throw Icicle                      Conjuration/Ice              4
   *Summon Ice Beast                  Ice/Summoning                4
   Condensation Shield                Ice                          4
 v - a book of Wizardry

   Spells                             Type                      Level
   Summon Elemental                   Summoning                    4
   Agony                              Necromancy                   5
   Force Lance                        Conjuration                  5
   Fireball                           Conjuration/Fire             5
   *Haste                             Charms                       6
   Invisibility                       Hexes                        6
 E - a book of War Chants

   Spells                             Type                      Level
   Fire Brand                         Charms/Fire                  2
   Freezing Aura                      Charms/Ice                   2
   *Shroud of Golubria                Charms/Translocation         2
   *Repel Missiles                    Charms/Air                   2
   Poison Weapon                      Charms/Poison                3
   *Regeneration                      Charms/Necromancy            3
Magical staves
 k - an uncursed staff of energy (weapon)
 B - an uncursed staff of conjuration


   Skills:
 - Level 5.1 Fighting
 - Level 2.4 Dodging
 - Level 2.4 Stealth
 + Level 1.9 Shields
 + Level 10.1 Spellcasting
 * Level 10.1 Conjurations
 - Level 8.6 Charms
 * Level 11.4 Ice Magic
 - Level 10.2 Evocations


You had 4 spell levels left.
You knew the following spells:

 Your Spells              Type           Power        Failure   Level  Hunger
a - Freeze                Ice            ####         1%          1    None
b - Throw Icicle          Conj/Ice       ######..     1%          4    None
c - Summon Ice Beast      Ice/Summ       #####.....   6%          4    None
d - Throw Frost           Conj/Ice       ######       1%          2    None
e - Regeneration          Chrm/Necr      ####......   2%          3    None
f - Repel Missiles        Chrm/Air       ####......   1%          2    None
g - Shroud of Golubria    Chrm/Tloc      ####......   1%          2    None
h - Haste                 Chrm           ######..     24%         6    None
i - Sublimation of Blood  Necr           ##........   10%         2    None


Dungeon Overview and Level Annotations

Branches:
Dungeon (13/27)            Temple (0/1) D:6            Lair (6/8) D:11
    Orc: D:6-11       Swamp: Lair:3-6    Shoals: Lair:3-6     Snake: Lair:3-6
 Spider: Lair:3-6     Slime: Lair:6-8

Altars:
Ashenzari
Vehumet
Xom
Beogh

Annotations:
D:6 ORC, exclusion: statue
D:12 Nergalle; zkyp's ghost, powerful HOFi


Message History

Your ice beast dies!
Unknown command.
The yaktaur barely misses you.
Things that are here:
a bolt of flame; 5 arrows Unknown command.
Evoke which item? (* to show all) (? for menu, Esc to quit)
Zapping:
l - a wand of fire {zapped: 5}
Press: ? - help, Shift-Dir - straight line, f - yaktaur
Aim: a yaktaur, wielding a dwarven crossbow (moderately wounded)
The bolt of fire hits the yaktaur.
You kill the yaktaur!
Vehumet accepts your kill.
You feel your power returning.
The bolt of fire hits the yaktaur.
The yaktaur is heavily wounded.
The bolt of fire hits the centaur.
The centaur is almost dead.
The yaktaur wields a crossbow.
The yaktaur shoots a bolt of flame.
The bolt of flame hits you!
You die...

≈§ §≈...... ≈≈≈
§§§§≈... §§≈§≈
≈≈§≈§≈...
≈≈≈≈≈≈≈≈§§§§§§.... .
≈≈§≈§§§≈§§§§§.... ..#
≈≈≈§§≈§≈§§§≈§...# .c#
≈≈§§≈§§≈≈§§;§...## ..#
..§≈§≈§≈§§≈.....8###..#
..§.≈§≈≈≈≈§.....@)cc.∩#
.....≈§§≈≈.....(8###..#
#......§.......### ..#
####........(.## .c#
######..#### ..# #### .


You could see a yaktaur, a centaur and a lava fish.

Vanquished Creatures
  A hydra (Lair:5)
  Erica (Lair:5)
  A centaur warrior (Volcano)
  Erolcha (D:11)
  2 unseen horrors (D:11)
  A black mamba (Lair:5)
  Psyche (D:10)
  3 spiny frogs
  A yaktaur (Volcano)
  A wandering mushroom (Lair:5)
  A fire drake (Lair:5)
  9 blink frogs (Lair:5)
  2 basilisks (Lair:5)
  6 yaks
  2 hippogriffs
  A steam dragon (Lair:5)
  9 porcupines
  An ice beast (D:11)
  A centaur (D:6)
  A boring beetle (Lair:1)
  6 crocodiles
  7 giant frogs
  2 giant slugs
  4 big kobolds
  4 water moccasins
  An agate snail (D:11)
  4 killer bees
  3 fire bats (Volcano)
  3 lava fish (Volcano)
  2 goliath beetles (D:11)
  3 lava snakes (Volcano)
  A crimson imp (D:6)
  A jelly (D:5)
  An orc priest (D:6)
  6 hounds
  3 iguanas
  An orange rat (Sewer)
  A big fish (Sewer)
  A scorpion (D:11)
  A worker ant (D:4)
  14 sheep
  9 adders
  2 giant centipedes
  23 green rats
  A giant mite (D:6)
  A worm (D:4)
  3 grey rats (Sewer)
  A giant eyeball (D:6)
  2 giant geckos
  8 orcs
  6 ball pythons
  6 bats
  A bat skeleton (D:4)
  5 hobgoblins
  13 jackals
  10 kobolds
  5 quokkas
  A giant cockroach (D:1)
  A giant gecko skeleton (D:6)
  7 giant newts (Sewer)
  A giant spore (D:12)
  3 goblins
  A hobgoblin zombie (D:8)
  A kobold zombie (D:7)
  13 rats
  3 ballistomycetes (D:6)
242 creatures vanquished.

Vanquished Creatures (collateral kills)
  A fire drake (Lair:6)
  A troll (D:12)
  A hippogriff (D:9)
  A sky beast (D:11)
  2 ice beasts
  2 ogres
  A phantom (D:10)
  2 centaurs
  A crocodile (D:11)
  2 giant slugs
  A giant frog (D:9)
  A troll zombie (D:10)
  A centaur zombie (D:9)
  A quasit (D:11)
  4 wights
  A giant frog zombie (D:10)
  A giant frog skeleton (D:5)
  A scorpion (D:9)
  2 orc wizards (D:5)
  A hound (D:6)
  A hound skeleton (D:5)
  2 mummies
  5 green rats
  3 adders
  A worm (D:10)
  An iguana zombie (D:10)
  A giant eyeball (D:5)
  2 giant geckos
  3 orcs
  2 bats
  A hobgoblin (D:9)
  A quokka (D:5)
  A giant newt (D:5)
  4 jackals
  2 kobolds (D:11)
  A spectral orc (D:12)
  A ballistomycete (D:12)
60 creatures vanquished.

Vanquished Creatures (others)
  26 ice beasts
  A giant frog (Lair:6)
  A giant spore (D:6)
  A fungus (D:11)
  2 plants (D:11)
31 creatures vanquished.

Grand Total: 333 creatures vanquished

Notes
Turn   | Place    | Note
--------------------------------------------------------------
     0 | D:1      | 4tharraofdagon, the Deep Elf Ice Elementalist, began the quest for the Orb.
     0 | D:1      | Reached XP level 1. HP: 10/10 MP: 4/4
    16 | D:1      | Bloax: this requires a hill orc monk of makhleb
   155 | D:2      | Reached skill level 4 in Ice Magic
   155 | D:2      | Reached XP level 2. HP: 15/15 MP: 0/7
   169 | D:2      | Found a shattered altar of Ashenzari.
   307 | D:5      | Entered Level 5 of the Dungeon
   307 | D:5      | Found a shimmering altar of Xom.
   316 | D:5      | Reached XP level 3. HP: 19/19 MP: 6/9
   345 | D:6      | Reached XP level 4. HP: 21/24 MP: 6/13
   354 | D:6      | Learned a level 4 spell: Throw Icicle
   360 | D:6      | Reached skill level 5 in Ice Magic
   381 | D:6      | Found a radiant altar of Vehumet.
   381 | D:6      | Noticed a frost-covered statue
   387 | D:6      | Became a worshipper of Vehumet
   417 | D:5      | Bloax: hey
   588 | D:5      | Reached XP level 5. HP: 22/28 MP: 7/16
   634 | D:5      | Bloax: wow
   634 | D:5      | Reached skill level 5 in Fighting
   634 | D:5      | Reached skill level 6 in Spellcasting
   634 | D:5      | Reached skill level 7 in Conjurations
   634 | D:5      | Reached skill level 8 in Ice Magic
   634 | D:5      | Reached XP level 6. HP: 28/35 MP: 10/21
   635 | D:5      | Bloax: hell yeah
   635 | D:5      | Bloax: awesome news
   640 | D:5      | Learned a level 4 spell: Summon Ice Beast
   669 | D:5      | Reached skill level 9 in Ice Magic
   687 | D:5      | Noticed a centaur
   701 | D:5      | Killed a centaur
   740 | D:5      | Bloax: Don't exploit it too much though.
   775 | D:5      | Bloax: Experience is a highly valueable resource.
   788 | D:5      | 4tharraofdagon: i know
   788 | D:5      | Bloax: as we only know too well
   788 | D:5      | 4tharraofdagon: just in dangerous situations
   805 | D:5      | Paralysed by a giant eyeball for 3 turns
   893 | D:6      | Found a staircase to the Ecumenical Temple.
   901 | D:6      | Acquired Vehumet's first power
   901 | D:6      | Offered knowledge of Magic Dart by Vehumet.
   904 | D:6      | #1
   927 | D:6      | Bloax: damn
   927 | D:6      | Noticed an ice beast
   929 | D:6      | Drahbeg: he failed being naga didnt he?
   936 | D:6      | Noticed an ogre
   936 | D:6      | Bloax: Nagas are squishy.
   944 | D:6      | Killed an ogre
   944 | D:6      | Reached XP level 7. HP: 38/40 MP: 3/23
   958 | D:6      | Killed an ice beast
   985 | D:6      | Noticed a centaur
   994 | D:6      | Killed a centaur
  1016 | D:6      | Found a roughly hewn altar of Beogh.
  1016 | D:6      | Noticed an orc warrior
  1030 | D:6      | Bloax: aaaaaaaaaaaaaaaaaaaaaaaaaaaaaaaaaaaaaaaaaaaaaaaaaaa
  1068 | D:6      | Paralysed by a giant eyeball for 2 turns
  1191 | D:6      | Found a glowing drain.
  1211 | Sewer    | Entered a sewer
  1492 | Sewer    | Bloax: The orange rat roars.
  1630 | D:7      | Noticed a yak
  1630 | D:7      | Noticed a yak
  1630 | D:7      | Noticed a yak
  1631 | D:7      | Bloax: hey
  1631 | D:7      | Bloax: you should grab that bow
  1631 | D:7      | 4tharraofdagon: orly
  1631 | D:7      | Bloax: yarly
  1642 | D:7      | Drahbeg: so you can bow things to death
  1645 | D:7      | Learned a level 2 spell: Throw Frost
  1722 | D:8      | Found a shimmering altar of Xom.
  1722 | D:8      | Found a shimmering altar of Xom.
  1722 | D:8      | Found a shimmering altar of Xom.
  1724 | D:8      | Found a shimmering altar of Xom.
  1724 | D:8      | Found a shimmering altar of Xom.
  1724 | D:8      | Found a shimmering altar of Xom.
  1725 | D:8      | Found a shimmering altar of Xom.
  1725 | D:8      | Found a shimmering altar of Xom.
  1725 | D:8      | Found a shimmering altar of Xom.
  1725 | D:8      | Found a shimmering altar of Xom.
  1725 | D:8      | Found a shimmering altar of Xom.
  1770 | D:8      | Learned a level 3 spell: Regeneration
  1773 | D:8      | Learned a level 2 spell: Repel Missiles
  1859 | D:8      | Reached skill level 1 in Charms
  2032 | D:9      | Reached XP level 8. HP: 11/45 MP: 7/25
  2210 | D:10     | Entered Level 10 of the Dungeon
  2212 | D:10     | Drahbeg: I really would have expected veh to be more pietygiving
  2307 | D:10     | Noticed Psyche
  2334 | D:10     | Killed Psyche
  2394 | D:10     | Drahbeg: btw
  2405 | D:10     | Drahbeg: are NaBes a viable spedrunrace now?
  2445 | D:10     | Reached skill level 10 in Ice Magic
  2474 | D:10     | Drahbeg: combo rather
  2672 | D:11     | Killed an unseen horror
  2672 | D:11     | Reached XP level 9. HP: 18/49 MP: 1/27
  2680 | D:11     | Drahbeg: aahh
  2702 | D:11     | Drahbeg: the incredibly obnoxious enemy of unseenness
  2706 | D:11     | Offered knowledge of Sandblast by Vehumet.
  2707 | D:11     | #2
  2717 | D:11     | Drahbeg: wizards arent viable for speedruns I assume?
  2747 | D:11     | Drahbeg: (since they dont have a midrange damage spell)
  2776 | D:11     | Reached skill level 5 in Evocations
  2959 | D:12     | Noticed zkyp's ghost (powerful HOFi)
  3163 | D:13     | Learned a level 2 spell: Shroud of Golubria
  3213 | D:13     | Bloax: You could try a GrWz.
  3219 | D:13     | Bloax: And exploit meph with unarmed.
  3230 | D:13     | Bloax: And poison immunity.
  3298 | D:12     | Noticed Nergalle
  3429 | D:12     | 4tharraofdagon: hmm
  3469 | D:12     | Bloax: send your daughter
  3471 | D:12     | Bloax: to the slaughte
  3471 | D:12     | Bloax: r
  3523 | D:12     | lets hope nothing else will fuck me to the stairs
  3647 | D:11     | 4tharraofdagon: You hear a distant blaring wail to the northwest.
  3647 | D:11     | 4tharraofdagon: what is that
  3657 | D:11     | 4tharraofdagon: ah lair
  3664 | D:11     | Noticed Erolcha
  3795 | D:11     | Found a staircase to the Lair.
  3798 | D:11     | Turgon: Why do you run away?
  3805 | D:11     | Turgon: This nice woman wants to invite you for a walk
  3827 | D:11     | Turgon: Little abyssal sightseeing
  3863 | D:11     | Killed Erolcha
  3863 | D:11     | Reached XP level 10. HP: 53/55 MP: 18/29
  3864 | D:11     | Bloax: man
  3864 | D:11     | Bloax: that dodge luck
  3864 | D:11     | 4tharraofdagon: i had to
  3864 | D:11     | Turgon: No sightseeing
  3864 | D:11     | Turgon: :-)
  3870 | D:11     | Bloax: Now go grab the wand.
  3952 | D:11     | Killed an unseen horror
  4011 | D:11     | Offered knowledge of Dazzling Spray by Vehumet.
  4012 | D:11     | #3
  4077 | Lair:1   | Entered Level 1 of the Lair of Beasts
  4154 | Lair:1   | Turgon: I never thought about how strong summon ice beast is in lair.
  4192 | Lair:1   | Turgon: If foes are freezed they'll be easy
  4204 | Lair:1   | Turgon: frozen*
  4274 | Lair:1   | Acquired Vehumet's second power
  4448 | Lair:1   | Bloax: hehe
  4457 | Lair:1   | Bloax: if he finds refrigeration before orc
  4464 | Lair:2   | Bloax: it'll be funnnnnnnn
  4479 | Lair:2   | Offered knowledge of Static Discharge by Vehumet.
  4480 | Lair:2   | #4
  4555 | Lair:2   | Turgon: However, ice storm won't be as strong as fire storm
  4579 | Lair:2   | Turgon: ok, that's something about future
  4671 | Lair:3   | Bloax: Ice storm is stronger than fire storm and it works well on the nastiest things.
  4677 | Lair:3   | Acquired Vehumet's third power
  4683 | Lair:3   | Turgon: It has no smite
  4686 | Lair:3   | Bloax: Like brimstone fiends.
  4723 | Lair:3   | Turgon: And it has no vertices
  4781 | Lair:5   | Offered knowledge of Iskenderun's Mystic Blast by Vehumet.
  4781 | Lair:5   | Reached skill level 5 in Charms
  4782 | Lair:5   | #5
  4879 | Lair:5   | Reached XP level 11. HP: 60/60 MP: 17/31
  5003 | Lair:5   | Noticed Erica
  5020 | Lair:5   | Killed Erica
  5021 | Lair:5   | Turgon: Your icebear can see invisible I suppose
  5021 | Lair:5   | Turgon: Maybe it has got a ring of sInv at his leg, check this out
  5183 | Lair:5   | Reached skill level 11 in Ice Magic
  5207 | Lair:5   | Noticed a black mamba
  5246 | Lair:5   | Killed a black mamba
  5307 | Lair:5   | Bloax: oh my
  5315 | Lair:5   | Bloax: a cursed -5 buckler of rF--!
  5315 | Lair:5   | Reached skill level 1 in Shields
  5319 | Lair:5   | Reached skill level 10 in Evocations
  5335 | Lair:5   | 4tharraofdagon: cursed +1 buckler
  5335 | Lair:5   | 4tharraofdagon: +3str
  5335 | Lair:5   | 4tharraofdagon: relect
  5344 | Lair:5   | Bloax: you wish
  5353 | Lair:5   | Got a slimy buckler
  5359 | Lair:5   | Identified the +1 buckler of Lies {Acc+4 SInv} (You found it on level 5 of the Lair of Beasts)
  5359 | Lair:5   | Bloax: sinv
  5359 | Lair:5   | Bloax: well that's good
  5361 | Lair:5   | Zxkuqyb: Lies!
  5391 | Lair:5   | Learned a level 6 spell: Haste
  5423 | Lair:5   | Noticed a six-headed hydra
  5430 | Lair:5   | Killed a six-headed hydra
  5435 | Lair:5   | Bloax: damn
  5439 | Lair:5   | Bloax: this icicle is so weak
  5505 | Lair:5   | 4tharraofdagon: no,freezing cloud is weak
  5638 | Lair:6   | Reached skill level 10 in Spellcasting
  5684 | Lair:6   | Learned a level 2 spell: Sublimation of Blood
  5714 | Lair:6   | Found a dark tunnel.
  5753 | Volcano  | Entered a volcano
  5817 | Volcano  | Reached skill level 10 in Conjurations
  5822 | Volcano  | Offered knowledge of Airstrike by Vehumet.
  5823 | Volcano  | #6
  5881 | Volcano  | Noticed a centaur warrior
  5897 | Volcano  | Killed a centaur warrior
  5904 | Volcano  | Shot with a bolt of flame by a yaktaur

Action                   |  1- 3 |  4- 6 |  7- 9 | 10-12 || total
-------------------------+-------+-------+-------+-------++-------
Melee: Dagger            |     2 |       |       |       ||     2
       Trident           |       |    13 |    80 |       ||    93
       Staff             |       |       |     6 |       ||     6
 Cast: Freeze            |    18 |    42 |    94 |    22 ||   176
       Throw Icicle      |       |     6 |    44 |   162 ||   212
       Summon Ice Beast  |       |     7 |    59 |    29 ||    95
       Throw Frost       |       |       |    16 |    60 ||    76
       Regeneration      |       |       |    15 |    13 ||    28
       Repel Missiles    |       |       |    23 |     6 ||    29
       Shroud of Golubri |       |       |       |     6 ||     6
       Sublimation of Bl |       |       |       |     4 ||     4
Evoke: Miscellaneous     |       |       |   129 |   245 ||   374
       Wand              |       |       |       |     2 ||     2
  Use: Scroll            |       |     4 |     9 |     4 ||    17
       Potion            |       |     1 |    10 |     1 ||    12
 Stab: Sleeping          |       |       |     2 |       ||     2
